 Dungeon Crawl Stone Soup version 0.24.1-1-gd1d2a07e1b (webtiles) character file.

Game seed: 17697746071278784363, levelgen mode: deterministic

533860 Peloso the Minotaur Barricade (level 24, -17/238 HPs)
             Began as a Minotaur Fighter on Apr 10, 2020.
             Was the Champion of Okawaru.
             Killed from afar by a frost giant (48 damage)
             ... with a bolt of cold
             ... while paralysed by a floating eye
             ... on level 3 of the Depths.
             The game lasted 03:53:10 (64739 turns).

Peloso the Minotaur Barricade (Minotaur Fighter)   Turns: 64739, Time: 03:53:11

Health: -17/238    AC: 30    Str: 38    XL:     24   Next: 51%
Magic:  35/35      EV:  2    Int: 10    God:    Okawaru [******]
Gold:   5270       SH:  0    Dex: 21    Spells: 23/23 levels left

rFire    . . .     SeeInvis .   a - +8 autumn katana {slice, Clar}
rCold    . . .     Gourm    .   c - +2 large shield {rPois}
rNeg     + + +     Faith    +   e - +3 storm dragon scales {Bai Suzhen}
rPois    +         Spirit   .   N - +2 hat {MR+}
rElec    +         Reflect  .   v - scarf {cloud immunity}
rCorr    .         Harm     .   p - +2 pair of gloves of Greed {*Drain +Fly MP+9 Dex+4}
MR       ++++.     Clarity  +   Q - +0 pair of boots "Iprubroh" {rF- MR+++ Str+6 Dex-3}
Stlth    ..........             R - amulet of faith
HPRegen  0.49/turn              w - ring of Poas {rN++ MR- Int+2 Dex+3 Slay+3}
MPRegen  0.24/turn              X - ring of Sloth {rF+ rN+ Str+4 Int+3 Dex+2}

@: paralysed
A: retaliatory headbutt, horns 2
}: 3/15 runes: barnacled, silver, gossamer
a: Heroism, Finesse, Renounce Religion, Evoke Flight


You were on level 3 of the Depths.
You worshipped Okawaru.
Okawaru was exalted by your worship.
You were hungry.

You visited 11 branches of the dungeon, and saw 45 of its levels.
You visited 1 bazaar.
You also visited: Gauntlet and Volcano.

You collected 8758 gold pieces.
You spent 3488 gold pieces at shops.

Inventory:

Hand Weapons
 a - the +8 autumn katana (weapon) {slice, Clar}
   (You bought it in a shop in a bazaar)

   It inflicts extra damage upon your enemies.
   It protects you against confusion.
 b - a +5 demon blade of electrocution
Armour
 c - a +2 large shield of poison resistance (worn)
 e - +3 storm dragon scales (worn) {Bai Suzhen}
 p - the +2 pair of gloves of Greed (worn) {*Drain +Fly MP+9 Dex+4}
   (Okawaru gifted it to you on level 2 of the Lair of Beasts)

   It affects your dexterity (+4).
   It affects your magic capacity (+9).
   It lets you fly.
   It causes draining when unequipped.
 v - a scarf of cloud immunity (worn)
 B - a +1 pair of boots of running
 N - a +2 hat of magic resistance (worn)
 Q - the +0 pair of boots "Iprubroh" (worn) {rF- MR+++ Str+6 Dex-3}
   (Okawaru gifted it to you on level 4 of the Shoals)

   It affects your strength (+6).
   It affects your dexterity (-3).
   It makes you vulnerable to fire.
   It affects your resistance to hostile enchantments.
Jewellery
 l - an uncursed ring of flight
 w - the ring of Poas (left hand) {rN++ MR- Int+2 Dex+3 Slay+3}
   (You found it in a Gauntlet)

   [ring of dexterity]

   It affects your intelligence (+2).
   It affects your dexterity (+3).
   It affects your accuracy and damage with ranged weapons and melee attacks
   (+3).
   It greatly protects you from negative energy.
   It affects your resistance to hostile enchantments.
 y - the ring "Gepaghik" {rPois AC+2 Str+3}
   (You found it on level 5 of the Vaults)

   [ring of protection]

   It affects your AC (+2).
   It affects your strength (+3).
   It protects you from poison.
 z - an uncursed amulet of harm {unknown}
 R - an amulet of faith (around neck)
 V - the amulet of the Four Winds {rN+ MR+++ Clar}
   (You found it on level 1 of the Depths)

   [amulet of nothing]

   It protects you from negative energy.
   It affects your resistance to hostile enchantments.
   It protects you against confusion.
 X - the ring of Sloth (right hand) {rF+ rN+ Str+4 Int+3 Dex+2}
   (You bought it in a shop on level 13 of the Dungeon)

   [ring of protection from fire]

   It affects your strength (+4).
   It affects your intelligence (+3).
   It affects your dexterity (+2).
   It protects you from fire.
   It protects you from negative energy.
Wands
 m - a wand of flame (10)
 u - a wand of digging (8)
Scrolls
 h - 3 scrolls of identify
 i - 33 scrolls of remove curse
 j - 16 scrolls of teleportation
 k - 4 scrolls of magic mapping
 n - a scroll of silence
 q - 2 scrolls of blinking
 s - a scroll of fog
 H - 8 scrolls of fear
 O - 9 scrolls of noise
Potions
 d - 3 potions of mutation
 g - 15 potions of curing
 o - 7 potions of haste
 r - 5 potions of resistance
 t - 4 potions of agility
 x - 6 potions of flight
 C - 6 potions of berserk rage
 E - 8 potions of heal wounds
 M - 5 potions of might
Comestibles
 f - 56 rations


   Skills:
 + Level 24.0 Fighting
 + Level 24.3 Long Blades
 + Level 20.5 Armour
 + Level 10.0 Dodging
 + Level 3.0 Stealth
 O Level 27 Shields
 + Level 6.3 Invocations
 + Level 1.9 Evocations


You had 23 spell levels left.
You didn't know any spells.
Your spell library contained the following spells:

 Spells                   Type           Power        Failure   Level  Hunger
 Animate Skeleton         Necr           N/A          63%         1    ##.....
 Apportation              Tloc           #.....       63%         1    ##.....
 Beastly Appendage        Tmut           #.....       63%         1    ##.....
 Confusing Touch          Hex            #.....       63%         1    ##.....
 Pain                     Necr           #...         63%         1    ##.....
 Shock                    Conj/Air       #...         63%         1    ##.....
 Sting                    Conj/Pois      #...         63%         1    ##.....
 Summon Small Mammal      Summ           #...         63%         1    ##.....
 Blink                    Tloc           N/A          77%         2    ###....
 Call Imp                 Summ           #.......     77%         2    ###....
 Ensorcelled Hibernation  Hex/Ice        #.....       77%         2    ###....
 Poisonous Vapours        Pois/Air       #.....       77%         2    ###....
 Shroud of Golubria       Chrm/Tloc      #.....       77%         2    ###....
 Sticks to Snakes         Tmut           #.......     77%         2    ###....
 Swiftness                Chrm/Air       #.......     77%         2    ###....
 Call Canine Familiar     Summ           #.......     94%         3    ####...
 Gell's Gravitas          Tloc           #.........   94%         3    ####...
 Lesser Beckoning         Tloc           #.........   94%         3    ####...
 Mephitic Cloud           Conj/Pois/Air  #.......     94%         3    ####...
 Recall                   Summ/Tloc      N/A          94%         3    ####...
 Regeneration             Chrm/Necr      #.........   94%         3    ####...
 Spider Form              Tmut/Pois      #.........   94%         3    ####...
 Static Discharge         Conj/Air       #.......     94%         3    ####...
 Summon Guardian Golem    Hex/Summ       #.......     94%         3    ####...
 Teleport Other           Tloc           #.......     94%         3    ####...
 Vampiric Draining        Necr           #.........   94%         3    ####...
 Animate Dead             Necr           N/A          100%        4    #####..
 Cause Fear               Hex            #.........   100%        4    #####..
 Ice Form                 Ice/Tmut       #.......     100%        4    #####..
 Leda's Liquefaction      Hex/Erth       #.........   100%        4    #####..
 Olgreb's Toxic Radiance  Pois           #.......     100%        4    #####..
 Passage of Golubria      Tloc           N/A          100%        4    #####..
 Summon Ice Beast         Ice/Summ       #.......     100%        4    #####..
 Summon Lightning Spire   Summ/Air       #.......     100%        4    #####..
 Aura of Abjuration       Summ           #.........   100%        5    ######.
 Blade Hands              Tmut           #.........   100%        5    ######.
 Bolt of Magma            Conj/Fire/Erth #.........   100%        5    ######.
 Borgnjor's Vile Clutch   Necr/Erth      #.........   100%        5    ######.
 Lightning Bolt           Conj/Air       #.........   100%        5    ######.
 Metabolic Englaciation   Hex/Ice        #.........   100%        5    ######.
 Silence                  Hex/Air        #.........   100%        5    ######.
 Summon Demon             Summ           #.........   100%        5    ######.
 Summon Forest            Summ/Tloc      #.........   100%        5    ######.
 Summon Mana Viper        Hex/Summ       #.......     100%        5    ######.
 Venom Bolt               Conj/Pois      #.........   100%        5    ######.
 Yara's Violent Unravell  Hex/Tmut       #.........   100%        5    ######.
 Bolt of Cold             Conj/Ice       #.........   100%        6    #######
 Darkness                 Hex            #.........   100%        6    #######
 Death Channel            Necr           #.........   100%        6    #######
 Deflect Missiles         Chrm/Air       #.........   100%        6    #######
 Freezing Cloud           Conj/Ice/Air   #.........   100%        6    #######
 Iron Shot                Conj/Erth      #.........   100%        6    #######
 Ozocubu's Refrigeration  Ice            #.........   100%        6    #######
 Poison Arrow             Conj/Pois      #.........   100%        6    #######
 Shadow Creatures         Summ           N/A          100%        6    #######
 Simulacrum               Ice/Necr       #.........   100%        6    #######
 Statue Form              Tmut/Erth      #........    100%        6    #######
 Malign Gateway           Summ/Tloc      #.........   100%        7    #######
 Monstrous Menagerie      Summ           #.........   100%        7    #######
 Summon Greater Demon     Summ           #.........   100%        7    #######
 Chain Lightning          Conj/Air       #.........   100%        8    #######
 Discord                  Hex            #.........   100%        8    #######
 Ignition                 Fire           #.........   100%        8    #######
 Lehudib's Crystal Spear  Conj/Erth      #.........   100%        8    #######
 Summon Horrible Things   Summ           #.........   100%        8    #######
 Fire Storm               Conj/Fire      #.........   100%        9    #######
 Glaciate                 Conj/Ice       #.........   100%        9    #######
 Shatter                  Erth           #.........   100%        9    #######
 Tornado                  Air            #.........   100%        9    #######


Dungeon Overview and Level Annotations

Branches:
Dungeon (15/15)            Temple (1/1) D:5            Lair (4/6) D:9
 Shoals (4/4) Lair:2       Spider (4/4) Lair:4          Orc (2/2) D:10
    Elf (3/3) Orc:2        Vaults (5/5) D:14          Crypt (3/3) Vaults:3
   Tomb (0/3) Crypt:3      Depths (3/5) D:15           Hell (visited)
Volcano (visited)         Gauntlet (visited)
    Dis: Hell:1         Geh: Hell:1         Coc: Hell:1         Tar: Hell:1

Altars:
Ashenzari
Cheibriados
Gozag
Hepliaklqana
Kikubaaqudgha
Okawaru
Qazlal
Ru
Trog
Uskayaw
Vehumet
Wu Jian
Xom
Yredelemnul
Zin

Shops:
D:5 (}   D:6 *   D:12 =   D:13 [!(==   D:14 !   Orc:2 !:!!   Elf:1 *
Shoals:1 [   Depths:2 =}}

Portals:
Hell: Depths:1 Depths:2
Abyss: Depths:1 Depths:2
Trove: D:13 (give horn of Geryon)

Annotations:
Lair:4 3 runed translucent doors, lysyklops's ghost, journeyman MiFi
Depths:3 1 runed translucent door
Hell Geryon


Innate Abilities, Weirdness & Mutations

You reflexively headbutt those who attack you in melee.
You have a pair of horns on your head.


Message History

* * * LOW HITPOINT WARNING * * *
Unknown command.
You slice the frost giant!! You headbutt the frost giant!!
The frost giant is heavily wounded.
The floating eye's stare focuses on you.
Unknown command.
You slice the frost giant!! You headbutt the frost giant.
The frost giant is almost dead.
You block the sphinx's attack. The sphinx closely misses you.
You block the sphinx's attack. The frost giant casts a spell at you.
The bolt of cold hits you!
* * * LOW HITPOINT WARNING * * *
The floating eye gazes piercingly through you!
You suddenly lose the ability to move!
You hear the stately crackle of a distant magical portal.
The sphinx hits you but does no damage. x3
The frost giant gestures at you while chanting.
The bolt of cold hits you!!!
You die...

*,,,,,*,**,#.#,#.#....<# **,8∩8∩*
*,,,,,*,*,**...*.##....# *,,,,,,∩
,**,**,,,###,#.##.#....# *8,,,,,8
***,***,,,..##..#.###[##*#,,,_,,,
,**,**,*,**..#.#.#.##.##.##$$,,,*
*,*,*,***,,*#...#..#)$..).##+++**
**,,,****..###.#.[.).†.......,,,,
,,,⌠,,,,,.....GC..†8.........,***
**,,,****,.###.#@.....##.####**
*,*,*,***,,*#.GH#..##.#*##
,**,**,*,*#c.#k#.#.#...#
***,***,,..,*#..#.##..$#
,**,**,,,***,#.##.*,...#**
*,,,,,*,*,**,..*.#*,,,..,*
*,,,,,*,**,*.#,*,***>,**,*
,**,**,,***,*,,,********,**
,**,**,*,,,*,,,,*,,,****,,*


You could see a frost giant, a sphinx, a death drake shaped shifter, a great orb
of eyes, a yaktaur and a floating eye.

Vanquished Creatures
  Mennas (Vaults:2)
  Bai Suzhen (Spider:3)
  2 golden dragons (Depths:3)
  The ghost of Peloso the Hoplite, an adept MiFi of Okawaru (Vaults:1)
  2 profane servitors (Crypt:3)
  A bone dragon (Crypt:3)
  The ghost of Kucw the Warrior, an adept GrFi of Cheibriados (Crypt:1)
  2 liches
  3 tentacled monstrosities (Vaults:5)
  2 deep elf blademasters
  2 deep elf master archers (Elf:3)
  A quicksilver dragon (Vaults:5)
  A kraken (Shoals:4)
  An acid blob (Depths:1)
  2 ancient champions
  3 sphinxes
  Agnes (D:14)
  5 shadow dragons
  3 storm dragons
  2 revenants (Crypt:2)
  The ghost of Meiz Wish the Executioner, a journeyman MiBe of Trog (Spider:1)
  7 tengu reavers
  3 azure jellies (Depths:1)
  3 fire giants
  7 deep elf sorcerers
  3 frost giants
  2 iron dragons
  6 emperor scorpions
  21 vault wardens
  The ghost of Hociext the Arsonist, a journeyman DgFE (Orc:1)
  4 deep elf elementalists (Elf:3)
  3 orc warlords
  3 curse skulls
  10 ghouls
  4 ghost moths (Spider:4)
  16 ironheart preservers
  Louise (D:14)
  15 stone giants
  4 war gargoyles
  4 vampire knights
  11 very ugly things
  6 entropy weavers
  9 deep elf demonologists
  Azrael (D:15)
  A minotaur (Gauntlet)
  8 deep elf annihilators
  2 spark wasps
  13 eidola
  An ettin (shapeshifter) (D:13)
  Snorg (D:12)
  11 ettins
  2 merfolk javelineers (Shoals:4)
  2 death oozes (Depths:1)
  9 deep elf death magi
  A quicksilver dragon zombie (Crypt:3)
  11 merfolk impalers
  5 fire dragons
  A jiangshi (Crypt:1)
  A mummy priest (Crypt:3)
  5 deep elf high priests
  8 yaktaur captains
  A great orb of eyes (Vaults:1)
  47 vault guards
  8 ice dragons
  2 rakshasas (Depths:1)
  A quicksilver dragon skeleton (Depths:1)
  A spriggan air mage (Depths:3)
  7 death knights
  7 hydras
  2 catoblepae
  6 merfolk aquamancers
  3 alligator snapping turtles (Shoals:4)
  2 satyrs (Shoals:2)
  6 merfolk avatars
  16 ogre magi
  20 dancing weapons
  43 two-headed ogres
  A two-headed ogre (shapeshifter) (Vaults:1)
  10 centaur warriors
  6 deep troll shamans
  2 titan zombies
  Urug (D:11)
  2 tengu warriors
  A shock serpent (shapeshifter) (Vaults:3)
  4 deep troll earth magi
  A storm dragon zombie (Crypt:3)
  Sonja (Lair:2)
  6 large abominations
  A vampire mage (Depths:3)
  26 deep elf knights
  A hell knight (Volcano)
  A soul eater (Crypt:2)
  2 titan skeletons (Crypt:1)
  A storm dragon skeleton (Crypt:2)
  23 skeletal warriors
  2 fire crabs (shapeshifter)
  3 shadow wraiths
  A sea snake (shapeshifter) (Vaults:5)
  An iron giant zombie (Crypt:2)
  17 sea snakes
  3 iron trolls (Depths:2)
  5 flayed ghosts
  An anaconda zombie (Crypt:2)
  3 unseen horrors
  3 glowing orange brains
  21 phantasmal warriors
  An obsidian statue (Gauntlet)
  20 ironbrand convokers
  5 wizards
  A kraken simulacrum (Shoals:4)
  27 deep trolls
  Pikel (D:5)
  17 orc knights
  A shadow dragon zombie (Crypt:2)
  11 necromancers
  10 deep elf archers
  A harpy (shapeshifter) (Vaults:4)
  14 harpies
  5 iron dragon zombies
  16 orb spiders
  A frost giant zombie (Crypt:3)
  2 wolf spider zombies
  5 oklob plants
  A manticore (shapeshifter) (Vaults:3)
  A salamander (shapeshifter) (Vaults:1)
  70 deep elf magi
  A stone giant zombie (Crypt:2)
  3 orc sorcerers
  35 ugly things
  3 fire giant zombies
  29 wolf spiders
  8 cyclopes
  17 manticores
  11 fauns (Shoals:2)
  5 elephants (Lair:4)
  3 human skeletons
  A moth of wrath (Spider:4)
  A black mamba (Lair:4)
  2 stone giant skeletons
  Maurice (D:9)
  A torpor snail (Spider:1)
  2 black mambas (shapeshifter)
  2 dire elephant zombies
  A guardian serpent (shapeshifter) (D:15)
  9 merfolk sirens
  8 vault sentinels
  7 water nymphs
  2 molten gargoyles (Volcano)
  2 naga magi (D:15)
  3 centaur zombies
  3 gargoyles
  2 emperor scorpion zombies (Crypt:3)
  A spiny frog (shapeshifter) (Gauntlet)
  7 spiny frogs
  3 komodo dragons
  3 rime drakes
  12 freezing wraiths
  A catoblepas zombie (Crypt:2)
  A dire elephant skeleton (Crypt:2)
  4 kobold demonologists
  2 efreet
  50 yaktaurs
  2 yaktaurs (shapeshifter)
  15 demonic crawlers
  A yaktaur skeleton (Vaults:2)
  3 tengu conjurers
  9 small abominations
  2 guardian mummies (Crypt:3)
  2 meliai (D:12)
  A harpy zombie (Crypt:3)
  A grey draconian skeleton (Crypt:1)
  A polar bear (Lair:2)
  29 merfolk
  3 wind drakes (Shoals:1)
  2 hydra zombies (Crypt:3)
  A merfolk (shapeshifter) (Vaults:1)
  7 trolls
  25 jumping spiders
  2 jumping spiders (shapeshifter)
  14 hornets
  10 dream sheep
  A harpy skeleton (Crypt:1)
  A hippogriff (shapeshifter) (Gauntlet)
  7 snapping turtles
  11 blink frogs
  A dream sheep (shapeshifter) (Vaults:1)
  A fire dragon zombie (Crypt:3)
  10 slime creatures
  5 hippogriffs
  2 ettin zombies
  A meliai zombie (D:10)
  9 flying skulls
  3 shadows
  34 tarantellas
  A fire dragon skeleton (Depths:1)
  18 water elementals
  An ettin skeleton (Crypt:1)
  Sigmund (D:6)
  Eustachio (D:6)
  57 redbacks
  14 wraiths
  An air elemental (Elf:1)
  6 fire elementals
  2 fire bats (Volcano)
  A golden eye (Depths:1)
  A yak (shapeshifter) (Depths:2)
  2 wyverns
  A deep troll skeleton (Depths:1)
  2 hungry ghosts
  20 yaks
  A yaktaur simulacrum (Depths:1)
  3 vampire mosquitoes (D:12)
  8 wargs
  Edmund (D:6)
  A harpy simulacrum (Crypt:1)
  A torturous demonspawn zombie (Crypt:1)
  A soldier ant (D:11)
  3 acid dragons
  3 porcupines
  5 water moccasins
  2 hell hounds (D:15)
  A floating eye (shapeshifter) (Vaults:5)
  4 ice beasts
  A snapping turtle zombie (Crypt:2)
  5 sky beasts
  13 necrophages (Crypt:3)
  2 hornet zombies (D:15)
  62 orc warriors
  3 wolves (Lair:4)
  An ettin simulacrum (Crypt:1)
  An ice dragon simulacrum (Crypt:1)
  A centaur (shapeshifter) (Gauntlet)
  3 eyes of draining
  A lindwurm zombie (Crypt:2)
  36 ogres
  2 phantoms
  10 boggarts
  36 centaurs
  A lindwurm skeleton (Crypt:1)
  9 crocodiles
  2 big kobolds
  A draconian zombie (Crypt:1)
  An elf zombie (Crypt:1)
  2 earth elementals
  A human zombie (Vaults:2)
  10 bullfrogs
  3 wyvern zombies
  A draconian skeleton (Crypt:2)
  6 wyvern skeletons (Crypt:3)
  3 scorpions
  2 human simulacra
  9 killer bees
  A yak skeleton (Crypt:1)
  2 electric eels
  13 wights
  A polar bear skeleton (Crypt:2)
  8 howler monkeys
  A bullfrog zombie (D:9)
  8 lava snakes (Volcano)
  5 crimson imps
  A quasit (D:9)
  4 centaur skeletons
  4 hounds
  3 jellies
  A gnoll shaman (D:10)
  19 orc priests
  4 iguanas
  A bullfrog skeleton (D:2)
  Natasha (thrice) (D:3)
  27 orc wizards
  9 worker ants
  A deep dwarf skeleton (Crypt:1)
  2 hound zombies
  A mummy (Crypt:3)
  16 gnolls
  3 worker ant zombies
  14 adders
  A shadow imp (D:5)
  2 oozes
  6 adder skeletons
  An adder zombie (D:3)
  An iguana skeleton (Crypt:2)
  5 worms
  6 leopard geckos
  100 orcs
  9 bats
  8 giant cockroaches
  5 goblins
  5 hobgoblins
  9 jackals
  3 quokkas
  A river rat zombie (Crypt:1)
  2 ball pythons
  A frilled lizard skeleton (Crypt:2)
  13 kobolds
  A leopard gecko skeleton (D:3)
  A quokka zombie (D:3)
  6 rats
  A spectral orc (D:5)
  2 crawling corpses (Vaults:5)
  2 fungi
  6 plants (Lair:1)
  5 tentacles (Shoals:4)
  4 withered plants (Crypt:3)
2007 creatures vanquished.

Vanquished Creatures (others)
  A fire giant (Vaults:5)
  A deep elf archer (Elf:2)
  A deep elf mage (Elf:2)
  A jumping spider (Spider:4)
  A redback (Spider:1)
  An air elemental (Elf:2)
  A boggart (Depths:2)
  A centaur (Depths:1)
  A worm (D:5)
  A leopard gecko (D:5)
  2 bushes (Elf:3)
  A fungus (Lair:4)
  A plant (Shoals:3)
  11 tentacles (Shoals:4)
  3 withered plants (Crypt:3)
28 creatures vanquished.

Grand Total: 2035 creatures vanquished

Notes
Turn   | Place    | Note
-------+----------+-------------------------------------------
     0 | D:1      | Peloso the Minotaur Fighter began the quest for the Orb.
     0 | D:1      | Reached XP level 1. HP: 19/19 MP: 0/0
   170 | D:1      | Reached XP level 2. HP: 23/27 MP: 1/1
   512 | D:2      | Reached skill level 4 in Shields
   512 | D:2      | Reached XP level 3. HP: 17/33 MP: 2/2
   882 | D:3      | Noticed Natasha
   886 | D:3      | Killed Natasha
   886 | D:3      | Reached XP level 4. HP: 36/40 MP: 3/3
   935 | D:3      | Reached XP level 5. HP: 46/47 MP: 4/4
  1006 | D:3      | Reached skill level 5 in Shields
  1014 | D:3      | Reached XP level 6. HP: 39/55 MP: 5/5
  1019 | D:3      | Reached skill level 5 in Long Blades
  1143 | D:3      | Noticed Natasha
  1151 | D:3      | Killed Natasha
  1214 | D:3      | Noticed Natasha
  1218 | D:3      | Killed Natasha
  1692 | D:4      | Reached skill level 1 in Dodging
  1795 | D:4      | Reached skill level 5 in Fighting
  1795 | D:4      | Reached skill level 6 in Shields
  1795 | D:4      | Reached XP level 7. HP: 56/61 MP: 6/6
  1971 | D:4      | Reached skill level 5 in Armour
  2313 | D:5      | Entered Level 5 of the Dungeon
  2327 | D:5      | You fall into a shaft and drop 2 floors!
  2400 | D:6      | Found a shimmering altar of Xom.
  2435 | D:6      | Noticed Eustachio
  2451 | D:6      | Killed Eustachio
  2536 | D:6      | Noticed Sigmund
  2539 | D:6      | Reached XP level 8. HP: 60/68 MP: 7/7
  2543 | D:6      | Noticed Edmund
  2544 | D:6      | Killed Sigmund
  2560 | D:6      | Killed Edmund
  2570 | D:6      | Reached skill level 7 in Shields
  2925 | D:6      | Found Puceqaf's General Store.
  2932 | D:6      | Bought a +0 long sword of flaming for 83 gold pieces
  2932 | D:6      | Bought a scroll of enchant armour for 75 gold pieces
  3128 | D:5      | Noticed Pikel
  3130 | D:5      | Found a bloodstained altar of Trog.
  3130 | D:5      | Found a glowing silver altar of Zin.
  3131 | D:5      | Found a staircase to the Ecumenical Temple.
  3149 | D:5      | Killed Pikel
  3157 | D:5      | Reached XP level 9. HP: 16/75 MP: 8/8
  3162 | Temple   | Entered the Ecumenical Temple
  3168 | Temple   | Became a worshipper of Warmaster Okawaru
  3327 | D:5      | Reached skill level 8 in Shields
  3399 | D:5      | Found a basalt altar of Yredelemnul.
  3550 | D:5      | Found a shattered altar of Ashenzari.
  3568 | D:5      | Found Loamiume's Gadget Shoppe.
  3714 | D:5      | Found Juhenarich's Antique Weapon Shop.
  4019 | D:7      | Noticed a two-headed ogre
  4477 | D:7      | Killed a two-headed ogre
  4477 | D:7      | Reached * piety under Okawaru
  4477 | D:7      | Reached skill level 1 in Stealth
  4477 | D:7      | Reached skill level 9 in Shields
  4747 | D:7      | Reached skill level 10 in Long Blades
  4888 | D:8      | Noticed a two-headed ogre
  4898 | D:8      | Killed a two-headed ogre
  4898 | D:8      | Reached ** piety under Okawaru
  4898 | D:8      | Reached skill level 10 in Shields
  4898 | D:8      | Reached XP level 10. HP: 55/86 MP: 6/9
  5361 | D:8      | Found an opulent altar of Gozag.
  5451 | D:8      | Found a radiant altar of Vehumet.
  5971 | D:8      | Reached *** piety under Okawaru
  6128 | D:9      | Found a staircase to the Lair.
  6149 | D:9      | Noticed a manticore
  6158 | D:9      | Killed a manticore
  6350 | D:9      | Reached skill level 11 in Shields
  6373 | D:9      | Reached **** piety under Okawaru
  6677 | D:9      | Noticed Maurice
  6822 | D:9      | Killed Maurice
  6889 | D:10     | Entered Level 10 of the Dungeon
  7006 | D:10     | Reached XP level 11. HP: 76/94 MP: 10/10
  7179 | D:10     | Killed an unseen horror
  7179 | D:10     | Reached ***** piety under Okawaru
  7179 | D:10     | Reached skill level 1 in Evocations
  7646 | D:10     | Found a staircase to the Orcish Mines.
  8340 | D:11     | Noticed Urug
  8363 | D:11     | Killed Urug
  8363 | D:11     | Reached skill level 12 in Shields
  8727 | D:11     | Noticed a five-headed hydra
  8740 | D:11     | Killed a four-headed hydra
  8740 | D:11     | Reached skill level 10 in Armour
  9124 | D:12     | Received a gift from Okawaru
  9446 | D:12     | Noticed a skeletal warrior
  9448 | D:12     | Noticed a skeletal warrior
  9468 | D:12     | Noticed a purple ugly thing
  9475 | D:12     | Killed a purple ugly thing
  9478 | D:12     | Noticed a soul eater
  9482 | D:12     | Noticed a two-headed ogre
  9485 | D:12     | Killed a two-headed ogre
  9485 | D:12     | Reached skill level 5 in Dodging
  9513 | D:12     | Identified 3 scrolls of acquirement
  9638 | D:12     | Noticed Snorg
  9653 | D:12     | Killed Snorg
  9653 | D:12     | Reached XP level 12. HP: 25/104 MP: 9/11
  9671 | D:12     | Reached skill level 13 in Shields
  9697 | D:13     | Found Vinei's Weapon Boutique.
 10485 | D:12     | Received a gift from Okawaru
 10672 | D:12     | Identified Woabia's Catalogue of the Birds
 10719 | D:12     | Found Jeaddobeph's Jewellery Shop.
 10757 | D:12     | Reached skill level 1 in Invocations
 10796 | D:12     | Reached skill level 14 in Shields
 11184 | Lair:1   | Entered Level 1 of the Lair of Beasts
 11210 | Lair:1   | Reached skill level 10 in Fighting
 11245 | Lair:1   | Found a dark tunnel.
 11250 | Volcano  | Entered a volcano
 11542 | Volcano  | Found a radiant altar of Vehumet.
 11542 | Volcano  | Noticed a two-headed ogre
 11542 | Volcano  | Noticed an ogre mage
 11542 | Volcano  | Noticed a two-headed ogre
 11542 | Volcano  | Noticed a two-headed ogre
 11546 | Volcano  | Killed a two-headed ogre
 11557 | Volcano  | Killed an ogre mage
 11558 | Volcano  | Killed a two-headed ogre
 11563 | Volcano  | Killed a two-headed ogre
 11852 | Volcano  | Noticed a two-headed ogre
 11860 | Volcano  | Killed a two-headed ogre
 12194 | Lair:1   | You fall into a shaft and drop 1 floor!
 12334 | Lair:1   | Reached skill level 15 in Shields
 12334 | Lair:1   | Reached XP level 13. HP: 114/114 MP: 13/13
 14127 | Lair:2   | Noticed Sonja
 14139 | Lair:2   | Killed Sonja
 14175 | Lair:2   | Received a gift from Okawaru
 14180 | Lair:2   | Reached ****** piety under Okawaru
 14183 | Lair:2   | Got a pair of dazzling gloves {god gift}
 14189 | Lair:2   | Identified the +2 pair of gloves of Greed {*Drain +Fly MP+9
                  | Dex+4} (Okawaru gifted it to you on level 2 of the Lair of
                  | Beasts)
 14260 | Lair:2   | Found a staircase to the Shoals.
 14785 | Lair:3   | Found a gate leading to a gauntlet.
 14802 | Gauntlet | Entered a Gauntlet
 14802 | Gauntlet | Found a runed translucent door.
 14802 | Gauntlet | Found a transporter.
 14802 | Gauntlet | Found a runed translucent door.
 14802 | Gauntlet | Found a transporter.
 14804 | Gauntlet | Found a transporter.
 14808 | Gauntlet | Found a transporter.
 14808 | Gauntlet | Found a transporter.
 14830 | Gauntlet | Found a transporter.
 14845 | Gauntlet | Found a runed translucent door.
 14848 | Gauntlet | Found a transporter.
 14850 | Gauntlet | Found a transporter.
 14868 | Gauntlet | Found a transporter.
 14880 | Gauntlet | Found a transporter.
 14894 | Gauntlet | Found a transporter.
 14898 | Gauntlet | Found a transporter.
 15333 | Gauntlet | Got a sparkling brass ring
 15335 | Gauntlet | Identified the ring of Poas {rN++ MR- Int+2 Dex+3 Slay+3}
                  | (You found it in a Gauntlet)
 15345 | Gauntlet | Noticed a minotaur
 15362 | Gauntlet | Killed a minotaur
 16361 | Lair:4   | Reached skill level 16 in Shields
 16392 | Lair:4   | Noticed lysyklops's ghost (journeyman MiFi)
 16735 | Lair:4   | Found a runed translucent gate.
 16736 | Lair:4   | Found a runed translucent gate.
 16737 | Lair:4   | Found a runed translucent gate.
 16805 | Lair:4   | Found a hole to the Spider Nest.
 16919 | Lair:4   | Received a gift from Okawaru
 16932 | Lair:4   | Got a pair of steaming boots {god gift}
 16943 | Lair:4   | Identified the +2 pair of boots "Zideclot" {MR+} (Okawaru
                  | gifted it to you on level 4 of the Lair of Beasts)
 17129 | Lair:4   | Reached XP level 14. HP: 122/124 MP: 15/15
 17619 | Orc:1    | Entered Level 1 of the Orcish Mines
 17630 | Orc:1    | Noticed an orc warlord
 17862 | D:10     | Killed an orc warlord
 17988 | Orc:1    | Noticed an orc warlord
 18037 | D:10     | Killed an orc warlord
 18304 | Orc:1    | Found a runed translucent gate.
 18306 | Orc:1    | Found a runed translucent gate.
 18306 | Orc:1    | Noticed Hociext's ghost (journeyman DgFE)
 18307 | Orc:1    | Found a runed translucent gate.
 18339 | Orc:1    | Identified the +5 dire flail "Uckita" {vamp, *Corrode rElec
                  | MR+++ Dex+3}
 18339 | Orc:1    | Noticed an orc warlord
 18350 | Orc:1    | Found an iron altar of Okawaru.
 18382 | Orc:1    | Reached skill level 17 in Shields
 18525 | Orc:2    | Entered Level 2 of the Orcish Mines
 20062 | Orc:2    | Found a staircase to the Elven Halls.
 20146 | Orc:2    | Found Qipnenn's Book Emporium.
 20146 | Orc:2    | Found Juelaxki's Distillery.
 20148 | Orc:2    | Found Pyth's Distillery.
 20150 | Orc:2    | Found Pyal's Distillery.
 20159 | Orc:2    | Bought 2 potions of mutation for 208 gold pieces
 20438 | Orc:1    | Killed Hociext's ghost
 20459 | Orc:1    | Killed an orc warlord
 20470 | Orc:1    | Received a gift from Okawaru
 20663 | D:13     | Found Dumaxec's Jewellery Shoppe.
 20671 | D:13     | Bought a cursed ring of teleportation for 67 gold pieces
 20689 | D:13     | Found Hikkaf Maowu's Jewellery Shoppe.
 20692 | D:13     | Bought the ring of Sloth {rF+ rN+ Str+4 Int+3 Dex+2} for
                  | 826 gold pieces
 20751 | D:13     | Reached skill level 18 in Shields
 20978 | D:13     | Found a portal to a secret trove of treasure.
 21029 | D:13     | Found Rinov's Distillery.
 21034 | D:13     | Bought a potion of might for 48 gold pieces
 21034 | D:13     | Bought a potion of might for 48 gold pieces
 21253 | D:13     | Found Amicsuff's Antique Armour Shoppe.
 21290 | D:14     | Found Gaun's Distillery.
 21295 | D:14     | Bought a potion of agility for 60 gold pieces
 21295 | D:14     | Bought 2 potions of heal wounds for 150 gold pieces
 21295 | D:14     | Bought a potion of heal wounds for 75 gold pieces
 21379 | D:14     | Found a gate to the Vaults.
 21401 | D:14     | Reached skill level 15 in Long Blades
 21446 | D:14     | Reached XP level 15. HP: 101/134 MP: 17/17
 21716 | D:14     | Received a gift from Okawaru
 21717 | D:14     | Noticed Louise
 21736 | D:14     | Killed Louise
 22394 | D:14     | Noticed Agnes
 22413 | D:14     | Killed Agnes
 22586 | D:15     | Entered Level 15 of the Dungeon
 22675 | D:15     | Found a snail-covered altar of Cheibriados.
 22707 | D:15     | Noticed Azrael
 22734 | D:15     | Killed Azrael
 22952 | D:15     | Received a gift from Okawaru
 23095 | D:15     | Reached skill level 19 in Shields
 23359 | D:15     | Found a staircase to the Depths.
 23706 | Spider:1 | Entered Level 1 of the Spider Nest
 24460 | Spider:1 | Found a transporter.
 24462 | Spider:1 | Noticed Meiz Wish's ghost (journeyman MiBe)
 24473 | Spider:1 | Found a transporter.
 24710 | Spider:2 | Received a gift from Okawaru
 24924 | Spider:2 | Reached skill level 15 in Armour
 25347 | Spider:2 | Reached XP level 16. HP: 145/145 MP: 18/18
 25808 | Shoals:1 | Entered Level 1 of the Shoals
 26018 | Shoals:1 | Reached skill level 20 in Shields
 26102 | Shoals:1 | Found Teiloyty's Armour Shop.
 27521 | Shoals:2 | Received a gift from Okawaru
 28816 | Spider:3 | Reached skill level 21 in Shields
 29111 | Spider:3 | Noticed Bai Suzhen
 29148 | Spider:3 | Killed Bai Suzhen
 29148 | Spider:3 | Received a gift from Okawaru
 29743 | Spider:4 | Entered Level 4 of the Spider Nest
 29827 | Spider:4 | Got a dazzling war axe
 29893 | Spider:4 | Reached XP level 17. HP: 153/154 MP: 19/19
 29955 | Spider:4 | Received a gift from Okawaru
 30747 | Spider:4 | Got a gossamer rune of Zot
 30798 | Spider:4 | Reached skill level 15 in Fighting
 30933 | Spider:4 | Reached skill level 22 in Shields
 32246 | Shoals:4 | Entered Level 4 of the Shoals
 32249 | Shoals:4 | Received a gift from Okawaru
 32252 | Shoals:4 | Got a pair of ichor-stained boots {god gift}
 32411 | Shoals:3 | Identified the +0 pair of boots "Iprubroh" {rF- MR+++ Str+6
                  | Dex-3} (Okawaru gifted it to you on level 4 of the Shoals)
 32442 | Shoals:4 | Got a barnacled rune of Zot
 33759 | Shoals:4 | Got a warped plate armour
 33774 | Shoals:4 | Identified the cursed +1 plate armour of Okawaru's
                  | Supremacy {rC++} (You found it on level 4 of the Shoals)
 33875 | Shoals:4 | HP: 1/156 [water nymph/the raging water (41)]
 34339 | Shoals:4 | Reached XP level 18. HP: 132/165 MP: 20/20
 34434 | Shoals:4 | Received a gift from Okawaru
 35045 | Shoals:4 | Reached skill level 23 in Shields
 35079 | Shoals:4 | Found a stormy altar of Qazlal.
 35625 | Spider:1 | Killed Meiz Wish's ghost
 35656 | Spider:1 | Identified the +1 war axe "Embalmer" {drain, rPois rC+ MR+}
                  | (You found it on level 4 of the Spider Nest)
 36457 | Elf:1    | Entered Level 1 of the Elven Halls
 36533 | Elf:1    | Found Rech's Assorted Antiques.
 36555 | Elf:1    | Got a slimy rapier
 36556 | Elf:1    | Identified the cursed +1 rapier "Hetez" {pierce, Str+3
                  | Dex+2} (You found it on level 1 of the Elven Halls)
 36792 | Elf:1    | Reached skill level 5 in Invocations
 38091 | Elf:2    | Found a runed translucent gate.
 38091 | Elf:2    | Found a runed translucent gate.
 38093 | Elf:2    | Found a runed translucent gate.
 38145 | Elf:2    | Received a gift from Okawaru
 39156 | Elf:2    | Received a gift from Okawaru
 39772 | Elf:3    | Entered Level 3 of the Elven Halls
 40261 | Elf:3    | Reached XP level 19. HP: 162/174 MP: 21/21
 40344 | Elf:3    | Received a gift from Okawaru
 40359 | Elf:3    | Got a jewelled plate armour {god gift}
 40448 | Elf:3    | Identified the +8 plate armour of the Arcane {Int+4}
                  | (Okawaru gifted it to you on level 3 of the Elven Halls)
 41758 | Elf:3    | Reached skill level 24 in Shields
 41903 | Elf:3    | Got a smoking chain mail
 41909 | Elf:3    | Got a scorched long sword
 41910 | Elf:3    | Identified the +5 long sword of Fedhas's Castigation
                  | {drain, rC+ Str-2 SInv} (You found it on level 3 of the
                  | Elven Halls)
 42042 | Elf:3    | Found the +10 Black Knight's horse barding {ponderous,
                  | rPois rN+}
 42410 | D:14     | Bought a potion of mutation for 120 gold pieces
 42474 | D:15     | Identified the +1 chain mail of the Hurricane {rElec rF+
                  | SInv} (You found it on level 3 of the Elven Halls)
 42517 | Vaults:1 | Entered Level 1 of the Vaults
 42602 | Vaults:1 | Found a flickering gateway to a bazaar.
 42611 | Bazaar   | Entered a bazaar
 42637 | Bazaar   | Found Putwull's Armour Emporium.
 42685 | Bazaar   | Found Bargh's Antique Weapon Shop.
 42702 | Bazaar   | Found Como's Assorted Antiques.
 42793 | Bazaar   | Bought the +8 autumn katana {slice, Clar} for 1456 gold
                  | pieces
 42793 | Bazaar   | Found the +8 autumn katana {slice, Clar}
 42886 | Vaults:1 | Received a gift from Okawaru
 44142 | Vaults:1 | Found a runed translucent door.
 44144 | Vaults:1 | Noticed Peloso's ghost (adept MiFi)
 44201 | Vaults:1 | Killed Peloso's ghost
 45040 | Vaults:1 | Received a gift from Okawaru
 45607 | Vaults:1 | Reached XP level 20. HP: 187/187 MP: 22/22
 46250 | Vaults:2 | Received a gift from Okawaru
 46383 | Vaults:2 | Noticed Mennas
 46404 | Vaults:2 | Killed Mennas
 46414 | Vaults:2 | Received a gift from Okawaru
 46420 | Vaults:2 | Reached skill level 25 in Shields
 46442 | Vaults:2 | Got a pair of translucent boots {god gift}
 46774 | Lair:1   | Identified the +4 pair of boots of the Sacrificial Victim
                  | {Int+3} (Okawaru gifted it to you on level 2 of the Vaults)
 47944 | Vaults:2 | You fall into a shaft and drop 2 floors!
 47989 | Vaults:4 | Received a gift from Okawaru
 49542 | Vaults:3 | Reached XP level 21. HP: 198/198 MP: 24/24
 49919 | Vaults:3 | Received a gift from Okawaru
 50071 | Vaults:3 | Reached skill level 26 in Shields
 50391 | Vaults:3 | Found a staircase to the Crypt.
 50391 | Vaults:3 | Found a basalt altar of Yredelemnul.
 50392 | Vaults:3 | Found an ancient bone altar of Kikubaaqudgha.
 50611 | Vaults:4 | Received a gift from Okawaru
 52065 | Vaults:5 | Entered Level 5 of the Vaults
 52273 | Vaults:5 | Received a gift from Okawaru
 52564 | Vaults:5 | Reached skill level 27 in Shields
 52612 | Vaults:5 | Identified the +4 acid dragon scales of Crawling {rPois MR-
                  | rCorr Int+7 Slay+5}
 52635 | Vaults:5 | Received a gift from Okawaru
 52635 | Vaults:5 | Reached XP level 22. HP: 133/209 MP: 25/25
 53413 | Vaults:5 | Identified the +6 fustibalus of Big Damage {flame, rN+ MR+}
 53526 | Vaults:5 | Identified the cursed +3 spear of Psychosis {pierce, Dex+2}
 53977 | Vaults:5 | Received a gift from Okawaru
 55855 | Vaults:5 | Got a silver rune of Zot
 56024 | Vaults:5 | Got a steaming copper ring
 56030 | Vaults:5 | Identified the ring "Gepaghik" {rPois AC+2 Str+3} (You
                  | found it on level 5 of the Vaults)
 56945 | Elf:2    | Received a gift from Okawaru
 56968 | Elf:2    | Got a faintly glowing long sword {god gift}
 56969 | Elf:2    | Identified the +11 long sword of Law {holy, Int+5} (Okawaru
                  | gifted it to you on level 2 of the Elven Halls)
 57350 | Depths:1 | Entered Level 1 of the Depths
 57555 | Crypt:1  | Entered Level 1 of the Crypt
 57555 | Crypt:1  | Found a runed translucent door.
 57589 | Crypt:1  | Noticed Kucw's ghost (adept GrFi)
 57645 | Crypt:1  | Killed Kucw's ghost
 57705 | Crypt:1  | Reached XP level 23. HP: 212/221 MP: 26/26
 58349 | Crypt:2  | Received a gift from Okawaru
 59002 | Crypt:2  | Got a faintly glowing long sword
 59003 | Crypt:2  | Identified the +5 long sword of the Pariah {venom, *Slow
                  | Int+8 Dex+6} (You found it on level 2 of the Crypt)
 59300 | Crypt:3  | Entered Level 3 of the Crypt
 59952 | Crypt:3  | Found a staircase to the Tomb.
 60136 | Crypt:3  | Found a basalt altar of Yredelemnul.
 60150 | Crypt:3  | Received a gift from Okawaru
 60153 | Crypt:3  | Got a twisted long sword {god gift}
 60154 | Crypt:3  | Identified the +6 long sword of the Desolation of Salt
                  | {venom, rF+ rN+} (Okawaru gifted it to you on level 3 of
                  | the Crypt)
 60327 | Crypt:3  | Found the +8 demon blade "Bloodbane" {slice, *Rage +Rage
                  | Stlth-}
 60515 | Crypt:3  | Received a gift from Okawaru
 60769 | Crypt:3  | Got a twisted chain mail
 60770 | Crypt:3  | Identified the cursed +1 chain mail "Jihef" {rC+} (You
                  | found it on level 3 of the Crypt)
 61863 | Depths:1 | Found a gateway to Hell.
 61943 | Depths:1 | Received a gift from Okawaru
 61956 | Depths:1 | Reached XP level 24. HP: 112/235 MP: 26/26
 62413 | Depths:1 | Found a transporter.
 62418 | Depths:1 | Found a transporter.
 62534 | Depths:1 | Found a one-way gate to the infinite horrors of the Abyss.
 62636 | Depths:1 | Found the amulet of the Four Winds {rN+ MR+++ Clar}
 62650 | Depths:1 | Got a scorched longbow
 62651 | Depths:1 | Identified the cursed +2 longbow of Yfauteuth {venom, rElec
                  | rPois Dex+5} (You found it on level 1 of the Depths)
 62979 | Depths:1 | Got a scintillating bone amulet
 62980 | Depths:1 | Identified the amulet of Jedewom {Spirit rF- Int+2 Dex+2}
                  | (You found it on level 1 of the Depths)
 63056 | Hell     | Entered the Vestibule of Hell
 63056 | Hell     | Noticed Geryon
 63221 | Depths:2 | Got a jewelled morningstar
 63818 | Lair:1   | Identified the cursed +2 morningstar of Kil Zoil {drain,
                  | +Inv MR+++ Str-2 SInv} (You found it on level 2 of the
                  | Depths)
 63834 | Lair:1   | Identified a +1 pair of boots of running (Okawaru gifted it
                  | to you on level 2 of the Crypt)
 64551 | Depths:2 | Found Ediasukk's Jewellery Shoppe.
 64551 | Depths:2 | Found Maapnyto's Gadget Shop.
 64552 | Depths:2 | Found Betaid's Gadget Shop.
 64566 | Depths:2 | Bought a wand of digging (4) for 272 gold pieces
 64677 | Depths:3 | Found a runed translucent gate.
 64698 | Depths:3 | Received a gift from Okawaru
 64698 | Depths:3 | Reached skill level 10 in Dodging
 64718 | Depths:3 | Paralysed by a floating eye for 2 turns
 64725 | Depths:3 | Paralysed by a floating eye for 3 turns
 64738 | Depths:3 | Paralysed by a floating eye for 4 turns
 64739 | Depths:3 | Killed from afar by a frost giant

Levels and vault maps discovered:
D:1:      mrwooster_arrival_statue_2, layout_basic
D:2:      layout_rooms
D:3:      layout_loops_ring, serial_undead, serial_undead_f, serial_undead_a,
          serial_undead_e, serial_undead_a, uniq_natasha
D:4:      layout_loops_ring, roderic_lattice_a
D:5:      layout_loops_ring, yredelemnul_forgotten_temple_becter,
          chequers_temple_overflow_statue_of_worship,
          minmay_temple_entry_statues_pillars, first_ration, basic_altar,
          serial_shops, nicolae_shop_crystal, shop, uniq_pikel
D:6:      layout_rooms, xom_butterflies, serial_shops, nicolae_shop_trees,
          kennysheep_potato, uniq_eustachio, uniq_sigmund, uniq_edmund
D:7:      layout_rooms, grunt_ogre_cave, corexii_corridor_pit,
          serial_bayou_pond_a, minmay_strange_pillars
D:8:      layout_gridville, grunt_gozag_statues, vehumet_crystals,
          lightli_orcish_oven
D:9:      layout_irregular_city, lair_entry_dummy, uniq_maurice
D:10:     layout_stronghold, david_orc_4, serial_bayou_ford_a,
          serial_bayou_crossing
D:11:     layout_cave_pools, uniq_urug
D:12:     layout_basic, serial_shops, shop, eino_jars, uniq_snorg
D:13:     layout_long_grid, enter_trove_3, serial_shops,
          nicolae_shop_behind_doors, nicolae_shop_statue_plus,
          nicolae_shop_competitors_out_of_business, shop_statue, shop,
          patterned_corridor
D:14:     layout_roguey, erik_vaults_2, nrook_pool_corridor, serial_shops,
          shop_coins, kennysheep_generic_room_5, uniq_louise, uniq_agnes
D:15:     grunt_enter_depths_magical_seal, layout_irregular_city,
          cheibriados_altar_1, uniq_azrael
Temple:   eino_temple_rhombus
Lair:1:   minmay_lair_oklob_tunnel, layout_regular_city,
          nicolae_volcano_entry_s_turn
Lair:2:   layout_cave_pods, minmay_shoals_entry_centaurs, uniq_sonja
Lair:3:   layout_cave_pods, gauntlet_entry_generic
Lair:4:   layout_gridlike, dummy_spider_entry, gammafunk_ghost_icy,
          lemuel_old_faithful
Shoals:1: layout_shoals, serial_shops, shop_statue, centaur_isle
Shoals:2: layout_shoals
Shoals:3: layout_shoals, nicolae_shoals_water_shrine
Shoals:4: shoals_end_grunt_ice, layout_shoals, lemuel_oklob_altar
Spider:1: layout_spider_delve, gammafunk_ghost_arena
Spider:2: layout_spider_delve
Spider:3: layout_spider_delve, drop_trap, uniq_bai_suzhen
Spider:4: guppyfry_spider_rune
Orc:1:    layout_caves, gammafunk_ghost_fury_of_okawaru
Orc:2:    st_orc_rangers, layout_caves, nicolae_orc_pool_cavern
Elf:1:    elf_arrival_002, layout_loops_ring, serial_shops,
          nicolae_shop_waterfront, hangedman_elf_disciples, nicolae_wwwww,
          grunt_ministairs_6, nicolae_elf_big_sculpture_3
Elf:2:    layout_geoelf_diagonals
Elf:3:    grunt_elf_hall_diamonds, layout_geoelf_diagonals
Vaults:1: gammafunk_vaults_ghost_grave, vaults_mumra_minichess, v_misc_26,
          st_greater_box_1, ontoclasm_vaults_chip, v_misc_25,
          hangedman_vaults_variations, v_alt_pattern_3, v_misc_29,
          ontoclasm_vaults_loading_screen, v_alt_pattern_4,
          layout_vaults_omnibox, serial_shops, bzr_entry_gold
Vaults:2: v_misc_11, v_misc_4, grunt_vaults_diagonal, nicolae_vaults_meeting,
          hangedman_vaults_hat, nicolae_vaults_circle_grid_b,
          vaults_standard_mumra_x, v_misc_26, grunt_vaults_hallway_short,
          v_misc_23, v_pattern_2, nicolae_vaults_shelves_hall,
          layout_vaults_omnicross, serial_glass, uniq_mennas
Vaults:3: hangedman_vaults_cutoff, minmay_crypt_entry_necro_gods,
          hangedman_vaults_corner, ontoclasm_vaults_pinch,
          nicolae_vaults_what_the_h, vaults_room_hallway, layout_vaults_omnigrid
Vaults:4: nicolae_vaults_network_barrier, ontoclasm_vaults_claustrophobia,
          nicolae_vaults_network_star, nicolae_vaults_little_squares_5,
          v_misc_9, vaults_room_grunt_arrival_checkpoint,
          dpeg_vaults_monster_row, v_misc_1, nicolae_vaults_diagonal_hallway_7,
          grunt_vaults_focal, layout_vaults_chaotic_city
Vaults:5
Crypt:1:  layout_rooms, gammafunk_ghost_grave
Crypt:2:  layout_basic
Crypt:3:  evilmike_haunted_forest
Depths:1: gammafunk_jiyva_shrine, layout_cave_shapes,
          serial_sigils_hangedman_confine, abyss_entry, hell_entry, laboratory
Depths:2: nicolae_whirlpool, layout_basic, hangedman_decor_opposing, hell_entry,
          abyss_entry, infiniplex_staircase_squiggle, minmay_shop_grove,
          firewood_loft
Depths:3: minmay_complete_graph, layout_gridville, enter_ziggurat_a,
          ebering_ghost_gozag, pan_entry, hangedman_decor_diamond_cutter,
          mu_enter_wizlab_7, grunt_hell_entry_dis_old,
          infiniplex_staircase_spiral
Hell

Skill      XL: |  1  2  3  4  5  6  7  8  9 10 11 12 13 14 15 16 17 18 19 20 21 22 23 24 |
---------------+-------------------------------------------------------------------------+-----
Armour         | 4 5 6 8 9 10 11 13 14 15 16 17 18 19 20 | 20.5
Fighting       | 4 5 6 7 8 9 10 11 12 13 14 15 16 18 19 20 21 23 24 | 24.0
Shields        | 4 5 6 7 10 11 12 15 16 18 19 21 22 23 24 25 27 | 27.0
Long Blades    | 3 4 5 7 9 10 11 13 14 15 16 17 18 19 20 21 22 23 24 | 24.3
Dodging        | 1 3 4 5 6 7 8 9 10 | 10.0
Stealth        | 1 2 3 |  3.0
Evocations     | 1 |  1.9
Invocations    | 2 3 4 5 6 |  6.3

Action                   |  1- 3 |  4- 6 |  7- 9 | 10-12 | 13-15 | 16-18 | 19-21 | 22-24 || total
-------------------------+-------+-------+-------+-------+-------+-------+-------+-------++-------
Melee: Long sword        |    55 |   121 |   247 |   780 |   353 |       |       |    12 ||  1568
       Headbutt          |     5 |    37 |    52 |   211 |   557 |   544 |   478 |   582 ||  2466
       Falchion          |       |       |       |       |   706 |       |       |       ||   706
       Scimitar          |       |       |       |       |   292 |   242 |       |       ||   534
       Demon blade       |       |       |       |       |       |  1223 |   143 |       ||  1366
       Katana            |       |       |       |       |       |       |  1122 |  1439 ||  2561
Invok: Heroism           |       |       |     1 |    19 |    17 |    15 |    11 |    11 ||    74
       Finesse           |       |       |       |       |     4 |     1 |       |     2 ||     7
Evoke: Wand              |       |       |       |     8 |     4 |     3 |       |     3 ||    18
  Use: Potion            |     2 |       |     2 |     3 |     3 |     7 |       |     1 ||    18
       Scroll            |       |     7 |     3 |    12 |    10 |    15 |     9 |    16 ||    72
 Stab: Held in net/web   |       |       |       |       |       |     1 |       |       ||     1
  Eat: Chunk             |       |     3 |    10 |    11 |    33 |    37 |    32 |    15 ||   141
       Ration            |       |       |       |     4 |     3 |     4 |     2 |     7 ||    20
Armor: Scale mail        |    21 |    44 |    25 |       |       |       |       |       ||    90
       Chain mail        |       |       |    21 |    19 |       |       |       |       ||    40
       Plate armour      |       |       |       |   263 |   466 |   279 |   333 |    83 ||  1424
       Storm dragon scal |       |       |       |       |       |   276 |       |   268 ||   544
Dodge: Dodged            |    26 |    50 |    50 |   249 |   426 |   632 |   327 |   405 ||  2165
Block: Shield            |    24 |    79 |   157 |   611 |  1128 |  1553 |   492 |       ||  4044
       Large shield      |       |       |       |       |       |       |   866 |  1833 ||  2699
       Rpst.: Long sword |     8 |    17 |    15 |    70 |    23 |       |       |       ||   133
       Falchion          |       |       |       |       |    34 |       |       |       ||    34
       Scimitar          |       |       |       |       |    28 |    19 |       |       ||    47
       Demon blade       |       |       |       |       |       |    92 |     2 |       ||    94
       Katana            |       |       |       |       |       |       |    48 |    65 ||   113
